 Dungeon Crawl Stone Soup version 0.29.1-13-g9f3cf754e1 (webtiles) character file.

Game seed: 4581444849903878450

65 cheesebisquit the Shooter (level 3, -2/45 HPs)
             Began as a Minotaur Hunter on Jan 29, 2023.
             Slain by Terence
             ... wielding a +1 trident of venom
              (9 damage)
             ... on level 2 of the Dungeon.
             The game lasted 00:03:20 (1116 turns).

cheesebisquit the Shooter (Minotaur Hunter)         Turns: 1116, Time: 00:03:21

Health: -2/45      AC: 21    Str: 15    XL:     3   Next: 94%
Magic:  2/2        EV:  2    Int:  6    God:
Gold:   51         SH:  0    Dex: 15    Spells: 2/2 levels left

rFire   . . .      SeeInvis .   a - +0 shortbow
rCold   . . .      Faith    .   (shield currently unavailable)
rNeg    . . .      Spirit   .   (body armour currently unavailable)
rPois   +          Reflect  .   (helmet currently unavailable)
rElec   .          Harm     .   (cloak currently unavailable)
rCorr   .          Rampage  .   (gloves currently unavailable)
Will    .....      NoTele   +   (boots currently unavailable)
Stlth   ++........              (no amulet)
HPRegen 0.15/turn               (no ring)
MPRegen 0.08/turn               (no ring)

@: mighty, brilliant, lethally poisoned (-2 -> -17), tree-form
A: stationary, stasis, torment immunity, boosted hp, (horns 2), (retaliatory
headbutt)
a: no special abilities


You were on level 2 of the Dungeon.
You were a tree.
You visited 1 branch of the dungeon, and saw 2 of its levels.

You collected 51 gold pieces.

Inventory:

Hand Weapons
 a - a +0 shortbow (weapon)
Armour
 f - a +3 leather armour (melded)
Scrolls
 b - a scroll of immolation
 i - a scroll of identify {unknown}
 l - a scroll of enchant armour {unknown}
 m - a scroll of silence {unknown}
Potions
 h - a potion of resistance {unknown}
 j - a potion of curing {unknown}
 k - a potion of heal wounds {unknown}


   Skills:
 - Level 2.6 Fighting
 + Level 5.9 Ranged Weapons
 - Level 2.3 Dodging
 - Level 1.0 Stealth


You had 2 spell levels left.
You didn't know any spells.
Your spell library was empty.

Dungeon Overview and Level Annotations

Branches:
Dungeon (2/15)

Altars:

Annotations:
D:2 Terence


Innate Abilities, Weirdness & Mutations

You are a tree.
Your roots penetrate the ground, keeping you stationary.
You cannot be teleported.
You are immune to unholy pain and torment.
Your maximum health is greatly increased.
Your equipment is partially melded.
((You have a pair of horns on your head.))
((You reflexively headbutt those who attack you in melee.))


Message History

Found a ring mail.
There is an escape hatch in the ceiling here.
There is an escape hatch in the ceiling here.
Found a faded altar of an unknown god.
There is a dry fountain here.
There is a dry fountain here.
m - a scroll labelled HOGETSATEM
Okay, then.
Okay, then.
Terence shouts!
Terence hits you but does no damage.
You are poisoned.
You shoot an arrow. The arrow barely misses Terence.
You feel very sick.
Terence hits you from afar with a +1 trident of venom.
You are more poisoned.
Terence hits you from afar with a +1 trident of venom.
You are more poisoned.
You shoot an arrow. The arrow barely misses Terence.
You feel very sick. Terence closely misses you.
It was a potion of might.
You feel very mighty all of a sudden.
You feel very sick. Terence misses you.
It was a potion of brilliance.
You feel clever all of a sudden.
You feel very sick.
Terence hits you from afar with a +1 trident of venom.
* * * LOW HITPOINT WARNING * * *
It was a potion of lignification.
You turn into a tree.
Your +3 leather armour melds into your body.
Your roots penetrate the ground.
You feel sick. Terence hits you but does no damage.
You are lethally poisoned!
It was a potion of magic.
Magic courses through your body.
* * * LOW HITPOINT WARNING * * *
You feel very sick.
Terence hits you from afar with a +1 trident of venom!
You die...

#..###
#..#####.##########
#........#........#
#†########.######.#
#.# #.# .# #.##
###.##### .#
...#####.......# @#
#..#.........#.##.#
...#.###.#......♣.#
.....# #.###.#.####
..)#.###.# #.#.#
#........# #.#.#
#.##.##### #.#.#
#.##.# ##.#.####
#+##.######.....(.#
...#..............#
....#######.#####.#


You could see Terence.

Vanquished Creatures
  Natasha (D:2)
  A gnoll (D:1)
  A worm (D:2)
  7 endoplasms (D:1)
  A giant cockroach (D:1)
  A goblin (D:1)
  A hobgoblin (D:1)
  A quokka (D:1)
  4 ball pythons (D:1)
  2 bats
  2 frilled lizards (D:1)
  4 kobolds
  3 rats (D:1)
29 creatures vanquished.

Notes
Turn   | Place    | Note
-------+----------+-------------------------------------------
     0 | D:1      | cheesebisquit the Minotaur Hunter began the quest for the
                  | Orb.
     0 | D:1      | Reached XP level 1. HP: 18/18 MP: 0/0
   138 | D:1      | Reached skill level 1 in Stealth
   191 | D:1      | Reached XP level 2. HP: 25/25 MP: 1/1
   406 | D:1      | Reached skill level 5 in Ranged Weapons
   443 | D:1      | Reached XP level 3. HP: 29/30 MP: 2/2
   771 | D:2      | Noticed Natasha
   776 | D:2      | Killed Natasha
   932 | D:2      | Noticed Terence
  1032 | D:2      | Found a faded altar of an unknown god.
  1116 | D:2      | Slain by Terence

Illustrated notes

Levels and vault maps discovered:
D:1:      minmay_arrival_semitransparent, layout_basic, solitary_fountain,
          minmay_misc_feat_secret_circle
D:2:      layout_loops_corners, ebering_ecumenical_altar_hall, uniq_natasha,
          uniq_robin, uniq_terence

Skill      XL: |  1  2 |
---------------+-------+-----
Stealth        | 1 |  1.0
Ranged Weapons | 5 |  5.9
Fighting       | |  2.6
Dodging        | |  2.3

Action                   || total
-------------------------++-------
 Fire: Shortbow          ||    74
  Use: Potion            ||     4
Armor: Leather armour    ||     8
       Skin              ||     1
Dodge: Dodged            ||    10
